 Dungeon Crawl Stone Soup version 0.22-a0-812-g4c1e2d5471 (webtiles) character file.

8795 Mirvelgyr the Cleaver (level 11, 0/144 (145) HPs)
             Began as a Minotaur Berserker on July 23, 2018.
             Was an Elder of Trog.
             Slain by Maurice
             ... wielding a +1 dagger of electrocution
              (3 damage)
             ... on level 10 of the Dungeon.
             The game lasted 00:11:38 (8497 turns).

Mirvelgyr the Cleaver (Minotaur Berserker)          Turns: 8497, Time: 00:11:39

HP:   0/144 (145)   AC:  7    Str: 28    XL:     11   Next: 14%
MP:   10/10         EV: 11    Int:  4    God:    Trog [****..]
Gold: 649           SH:  0    Dex: 12    Spells: 10/10 levels left

rFire    . . .     SeeInvis .   E - +1 executioner's axe (vamp)
rCold    . . .     Gourm    .   (shield currently unavailable)
rNeg     + . .     Faith    .   A - +0 plate armour
rPois    .         Spirit   .   (helmet restricted)
rElec    .         Reflect  .   C - +0 cloak
rCorr    .         Harm     .   (no gloves)
MR       +....                  (no boots)
Stlth    ..........             (no amulet)
HPRegen  0.34/turn              o - ring of positive energy
MPRegen  0.12/turn              k - ring of protection from magic

@: berserking (expiring), corroded, very quick
A: retaliatory headbutt, horns 2
a: Berserk, Trog's Hand, Brothers in Arms, Renounce Religion


You were on level 10 of the Dungeon.
You worshipped Trog.
Trog was greatly pleased with you.
You were very hungry.

You visited 1 branch of the dungeon, and saw 10 of its levels.

You collected 673 gold pieces.
You spent 24 gold pieces at shops.

Inventory:

Hand Weapons
 E - a +1 vampiric executioner's axe (weapon)
Armour
 A - a +0 plate armour (worn)
 C - a +0 cloak (worn)
Jewellery
 k - a ring of protection from magic (right hand)
 l - an uncursed ring of positive energy
 o - a ring of positive energy (left hand)
 s - a +3 ring of strength {unknown}
 w - an uncursed ring of protection from cold
Wands
 e - a wand of paralysis (25)
 j - a wand of acid (6)
 z - a wand of digging (11)
Scrolls
 d - a scroll of silence
 f - a scroll of fog
 m - 4 scrolls of remove curse
 r - 6 scrolls of teleportation
 u - a scroll of blinking
 y - a scroll of fear
 D - a scroll of magic mapping
 G - a scroll of enchant weapon {unknown}
Potions
 b - 2 potions of magic {unknown}
 g - a potion of heal wounds {unknown}
 h - 2 potions of mutation {unknown}
 i - 3 potions of ambrosia {unknown}
 n - 5 potions of might {unknown}
 p - 2 potions of flight {unknown}
 q - 2 potions of curing {unknown}
 t - 2 potions of degeneration {unknown}
 v - 2 potions of haste {unknown}
 x - a potion of cancellation {unknown}
 B - a potion of invisibility {unknown}
 F - a potion of agility {unknown}
Comestibles
 a - 11 chunks of flesh
 c - 18 rations


   Skills:
 - Level 9.0 Fighting
 + Level 14.8 Axes
 - Level 8.5 Armour
 - Level 7.8 Dodging


You had 10 spell levels left.
You didn't know any spells.
Your spell library was empty.

Dungeon Overview and Level Annotations

Branches:
Dungeon (10/15)            Temple (0/1) D:6            Lair (0/6) D:10
    Orc: D:9-12

Altars:
Cheibriados
Gozag
Nemelex Xobeh
Trog
Wu Jian
Xom
The Shining One

Shops:
D:6 }   D:7 *

Annotations:
D:10 Maurice


Innate Abilities, Weirdness & Mutations

You reflexively headbutt those who attack you in melee.
You have a pair of horns on your head.


Message History

You closely miss something. Your headbutt misses something. You miss something.
Something hits you but does no damage.
You are electrocuted!
* * * LOW HITPOINT WARNING * * *
You miss something. You headbutt something!
Something hits you but does no damage.
You miss something.
You hear a zap.
A bolt of acid appears from out of thin air!
The bolt of acid hits you!
* * * LOW HITPOINT WARNING * * *
The acid corrodes you!
You are splashed with acid!
The acid burns!
* * * LOW HITPOINT WARNING * * *
You slice something!!
You hear some strange, mumbled words.
You miss something.
You hear some strange, mumbled words.
You barely miss something. You miss something. Your headbutt misses something.
Something hits you.
You die...

.......<...# ..........(
...........#
#......####.........
.....#.....#
...............>.##
.....#.....##
.................##
..............
..................
.......<...... ....#
#####..#####
............####...# ######.#
............# #{†.###......#
............# #@..##(......#
............# #...##.......#
............####...##...⌠...#
...................##.......#
..........##########........#
.#######..#........#........#
.# #..#.###...###...##..#
.#######..'.##..(..##...##.##
..........#.#.......#...##.#


There were no monsters in sight!

Vanquished Creatures
  Erica (D:10)
  Harold (D:10)
  An unseen horror (D:7)
  A centaur skeleton (D:10)
  Psyche (D:10)
  A hippogriff (D:10)
  A vampire (D:10)
  2 wyverns
  A human (D:7)
  4 hogs (D:7)
  A hungry ghost (D:8)
  2 wargs (D:10)
  Duvessa (D:5)
  6 orc warriors
  An ogre (D:8)
  3 ice beasts
  A black bear (D:10)
  2 sky beasts
  4 phantoms
  3 necrophages
  5 centaurs
  2 big kobolds
  4 bullfrogs
  Dowan (D:5)
  4 scorpions
  3 wights (D:8)
  2 howler monkeys (D:8)
  4 crimson imps
  6 jellies
  2 centaur zombies
  7 hounds
  2 bullfrog zombies
  A bullfrog skeleton (D:5)
  A gnoll shaman (D:10)
  3 orc priests
  8 orc wizards
  6 worker ants
  Ijyb (D:5)
  A worker ant zombie (D:6)
  7 gnolls
  15 adders
  2 shadow imps (D:5)
  2 adder zombies (D:9)
  An adder skeleton (D:10)
  2 worms (D:4)
  7 leopard geckos
  25 orcs
  A ball python (D:3)
  6 giant cockroaches
  13 goblins
  5 hobgoblins
  13 jackals
  5 quokkas
  8 bats
  7 frilled lizards
  A jackal skeleton (D:5)
  20 kobolds
  A quokka skeleton (D:6)
  A quokka zombie (D:8)
  8 rats
251 creatures vanquished.

Notes
Turn   | Place    | Note
-------+----------+-------------------------------------------
     0 | D:1      | Mirvelgyr the Minotaur Berserker began the quest for the Orb.
     0 | D:1      | Reached XP level 1. HP: 19/19 MP: 0/0
    40 | D:1      | Reached XP level 2. HP: 26/27 MP: 1/1
    50 | D:1      | Reached skill level 4 in Axes
   588 | D:1      | Reached ** piety under Trog
   774 | D:2      | Reached XP level 3. HP: 33/33 MP: 2/2
   929 | D:2      | Found an ornate altar of the Wu Jian Council.
  1254 | D:3      | Reached XP level 4. HP: 39/40 MP: 3/3
  1746 | D:3      | Reached skill level 5 in Axes
  2275 | D:3      | Reached XP level 5. HP: 47/47 MP: 4/4
  2306 | D:3      | Found a snail-covered altar of Cheibriados.
  2321 | D:3      | Reached *** piety under Trog
  2519 | D:4      | Noticed an orc warrior
  2532 | D:4      | HP: 3/70 [orc warrior/dire flail (22)]
  2533 | D:4      | Killed an orc warrior
  2533 | D:4      | Reached XP level 6. HP: 4/55 MP: 5/5
  2889 | D:4      | Reached skill level 6 in Axes
  3249 | D:4      | Reached skill level 5 in Fighting
  3384 | D:5      | Entered Level 5 of the Dungeon
  3436 | D:5      | Found a bloodstained altar of Trog.
  3583 | D:5      | Reached XP level 7. HP: 59/61 MP: 6/6
  3688 | D:5      | Noticed Dowan
  3689 | D:5      | Noticed Duvessa
  3694 | D:5      | Killed Dowan
  3694 | D:5      | Reached skill level 7 in Axes
  3697 | D:5      | Killed Duvessa
  3733 | D:5      | Reached skill level 5 in Armour
  3904 | D:5      | Noticed Ijyb
  3914 | D:5      | Killed Ijyb
  4112 | D:6      | Reached **** piety under Trog
  4114 | D:6      | Received a gift from Trog
  4285 | D:6      | Reached skill level 8 in Axes
  4285 | D:6      | Reached skill level 5 in Dodging
  4285 | D:6      | Reached XP level 8. HP: 58/70 MP: 7/7
  4354 | D:6      | Found a staircase to the Ecumenical Temple.
  4478 | D:6      | Found a shimmering altar of Xom.
  4857 | D:6      | Found Wourgh's Gadget Emporium.
  4869 | D:6      | Reached skill level 9 in Axes
  5235 | D:7      | Reached XP level 9. HP: 28/79 MP: 8/8
  5236 | D:7      | Reached skill level 10 in Axes
  5660 | D:7      | Killed an unseen horror
  5707 | D:7      | Reached skill level 11 in Axes
  5709 | D:7      | Found Kosilyja's General Store.
  5717 | D:7      | Bought a scroll of identify for 24 gold pieces
  6328 | D:8      | Reached XP level 10. HP: 90/90 MP: 9/9
  6568 | D:8      | Reached ***** piety under Trog
  7062 | D:8      | Found an opulent altar of Gozag.
  7062 | D:8      | Found a sparkling altar of Nemelex Xobeh.
  7303 | D:9      | Received a gift from Trog
  7410 | D:9      | Reached skill level 12 in Axes
  7838 | D:10     | Entered Level 10 of the Dungeon
  7883 | D:10     | Found a staircase to the Lair.
  8014 | D:10     | Reached skill level 13 in Axes
  8147 | D:10     | Noticed Harold
  8150 | D:10     | Found a glowing golden altar of the Shining One.
  8154 | D:10     | Killed Harold
  8197 | D:10     | Reached skill level 14 in Axes
  8203 | D:10     | Noticed Erica
  8218 | D:10     | Killed Erica
  8218 | D:10     | Reached XP level 11. HP: 71/96 MP: 10/10
  8283 | D:10     | Noticed Psyche
  8288 | D:10     | Killed Psyche
  8482 | D:10     | Noticed Maurice
  8493 | D:10     | HP: 2/144 [acid (13)]
  8497 | D:10     | Slain by Maurice

Vault maps used:
D:1:      eino_arrival_cavern_e, minmay_cut_off
D:2:      marbit_many_paths
D:3:      cheibriados_altar_1, st_stairs_3, kennysheep_generic_room_3
D:4:      first_ration
D:5:      nicolae_overflow_crystal_walls, uniq_duvessa, uniq_ijyb
D:6:      nicolae_overflow_hidden_temple, minmay_temple_entry_hall,
          serial_shops, shop, serial_glass, glass_columns_a, glass_columns_a,
          glass_columns_a, glass_columns_a, glass_columns_a, glass_columns_b,
          glass_columns_a, glass_columns_a, glass_columns_c, glass_columns_c,
          glass_columns_a, glass_columns_a, glass_columns_b, glass_columns_a,
          lemuel_flamethrower_1
D:7:      serial_shops, shop, grunt_livestock
D:8:      minmay_distorted_concentric_squares, grunt_temple_overflow_opulence
D:9:      minivault_16
D:10:     erik_lair_orcish_takeover, serial_column_ruins,
          column_ruins_square_medium, column_ruins_open_medium,
          column_ruins_grid_2, column_ruins_columns_straight,
          column_ruins_grid_3, column_ruins_columns_straight,
          column_ruins_grid_1, column_ruins_open_medium, tso_metal_star,
          uniq_erica, uniq_maurice, uniq_harold, uniq_psyche

Skill      XL: |  1  2  3  4  5  6  7  8  9 10 |
---------------+-------------------------------+-----
Axes           | 4 5 6 8 9 11 14 | 14.8
Fighting       | 4 5 6 7 8 9 |  9.0
Armour         | 3 4 5 6 8 |  8.5
Dodging        | 3 4 5 6 7 |  7.8

Action                   |  1- 3 |  4- 6 |  7- 9 | 10-12 || total
-------------------------+-------+-------+-------+-------++-------
Melee: Hand axe          |    90 |   138 |   204 |       ||   432
       Headbutt          |    12 |    21 |    58 |    32 ||   123
       War axe           |       |       |    48 |    54 ||   102
       Executioner's axe |       |       |       |   115 ||   115
Invok: Berserk           |       |     1 |     6 |     3 ||    10
       Trog's Hand       |       |       |     3 |     3 ||     6
  Use: Scroll            |       |     5 |     4 |     4 ||    13
  Eat: Chunk             |     1 |     9 |    15 |    10 ||    35
       Ration            |       |       |       |     2 ||     2
Armor: Animal skin       |     4 |       |       |       ||     4
       Scale mail        |    31 |    28 |       |       ||    59
       Chain mail        |       |    27 |   109 |       ||   136
       Plate armour      |       |       |    43 |   133 ||   176
Dodge: Dodged            |    59 |    66 |   126 |   126 ||   377

Table legend:
 A = Spawn XP
 B = Non-spawn XP
 C = Spawn XP percentage of total XP
 D = Spawn monster count
 E = Non-spawn monster count
 F = Spawn count percentage of total count
 G = Total turns spent on level
                    A         B        C        D         E        F      G
               +---------+---------+-------+---------+---------+-------+---------
         Total |       0 |   12565 |   0.0 |       0 |     251 |   0.0 |  8497
               +---------+---------+-------+---------+---------+-------+---------
           D:1 |       0 |      40 |   0.0 |       0 |      28 |   0.0 |   770
           D:2 |       0 |      55 |   0.0 |       0 |      18 |   0.0 |   466
           D:3 |       0 |     113 |   0.0 |       0 |      28 |   0.0 |  1203
           D:4 |       0 |     292 |   0.0 |       0 |      17 |   0.0 |   945
           D:5 |       0 |     639 |   0.0 |       0 |      24 |   0.0 |   875
           D:6 |       0 |    1108 |   0.0 |       0 |      26 |   0.0 |   787
           D:7 |       0 |    2492 |   0.0 |       0 |      18 |   0.0 |  1086
           D:8 |       0 |    2115 |   0.0 |       0 |      34 |   0.0 |  1082
           D:9 |       0 |     768 |   0.0 |       0 |      15 |   0.0 |   624
          D:10 |       0 |    4943 |   0.0 |       0 |      43 |   0.0 |   659
               +---------+---------+-------+---------+---------+-------+---------
